 Seeded DCSS version 0.29.1-15-g9cfb28693d (webtiles) character file.

Game seed: 15748772131455733785 (custom seed)

17289 Parcival the Blocker (level 12, 0/107 HPs)
             Began as a Minotaur Fighter on Mar 20, 2023.
             Was a Priest of Ashenzari.
             Succumbed to a cane toad's poison
             ... on level 2 of the Lair of Beasts.
             The game lasted 00:24:51 (12931 turns).

Parcival the Blocker (Minotaur Fighter)            Turns: 12931, Time: 00:24:52

Health: 0/107      AC: 26    Str: 37    XL:     12   Next: 17%
Magic:  11/11      EV: 10    Int:  8    God:    Ashenzari [***...]
Gold:   717        SH: 18    Dex:  9    Spells: 11/11 levels left

rFire   . . .      SeeInvis +   w - +9 rapier "Tethered Annoyance" {flame, *Rage rN++ Str+4 Int-3, Comp, Alch} (curse)
rCold   . . .      Faith    .   H - +2 kite shield
rNeg    + + .      Spirit   .   p - +8 chain mail of the Eternal Heavens {Harm Int+6, Comp, Alch} (curse)
rPois   .          Reflect  +   (helmet restricted)
rElec   .          Harm     +   (no cloak)
rCorr   .          Rampage  .   f - +1 pair of gloves
Will    .....      Clarity  +   (no boots)
Stlth   ..........              x - amulet "Shackled Together" {Reflect SH+5, Self, Cun} (curse)
HPRegen 0.27/turn               M - ring of Ashenzari's Doubts {AC+4, Bglg, Range} (curse)
MPRegen 0.12/turn               u - ring of the Wild Blue Yonder {Str+6, Melee, Cun} (curse)

@: mighty, lethally poisoned (0 -> -6), about to teleport, slowed, very slow
A: horns 2, retaliatory headbutt
a: Renounce Religion, Shatter the Chains


You were on level 2 of the Lair of Beasts.
You worshipped Ashenzari.
Ashenzari was most pleased with you.
You visited 3 branches of the dungeon, and saw 13 of its levels.
You also visited: Sewer.

You collected 717 gold pieces.

Inventory:

Hand Weapons
 a - a +1 war axe of draining
 o - a +2 whip of electrocution
 r - a +3 quarterstaff
 w - the cursed +9 rapier "Tethered Annoyance" (weapon) {flame, *Rage rN++ Str+4 Int-3, Comp, Alch}
   (You found it on level 7 of the Dungeon)

   It burns those it strikes, dealing additional fire damage.
   Str:       It affects your strength (+4).
   Int:       It affects your intelligence (-3).
   rN:        It greatly protects you from negative energy.
   *Rage:     It berserks you when you make melee attacks (+20% chance).
   It has a curse which improves the following skills: Companions: Summonings
   and Necromancy.
   Alchemy:   Poison Magic and Transmutations.
 E - a +2 dire flail of protection
Missiles
 V - 4 throwing nets (quivered)
Armour
 b - a +0 scale mail
 c - a +0 buckler
 e - a +0 plate armour
 f - a +1 pair of gloves (worn)
 p - the cursed +8 chain mail of the Eternal Heavens (worn) {Harm Int+6, Comp, Alch}
   (You found it on level 2 of the Dungeon)

   Int:       It affects your intelligence (+6).
   Harm:      It increases damage dealt and taken.
   It has a curse which improves the following skills: Companions: Summonings
   and Necromancy.
   Alchemy:   Poison Magic and Transmutations.
 H - a +2 kite shield (worn)
 O - the +4 skin of Zhor {*Englaciate rC+++ SInv}
   (You found it on level 10 of the Dungeon)

   It radiates cold, occasionally slowing all nearby creatures who are not
   resistant to cold.
   rC:        It renders you almost immune to cold.
   SInv:      It lets you see invisible.
Jewellery
 u - the cursed ring of the Wild Blue Yonder (right hand) {Str+6, Melee, Cun}
   (You found it on level 4 of the Dungeon)

   [ring of strength]

   Str:       It affects your strength (+6).
   It has a curse which improves the following skills: Melee Combat: Short
   Blades, Long Blades, Axes, Maces & Flails, Polearms, Staves and Unarmed
   Combat.
   Cunning:   Dodging and Stealth.
 v - a ring of flight
 x - the cursed amulet "Shackled Together" (around neck) {Reflect SH+5, Self, Cun}
   (You found it on level 3 of the Dungeon)

   [amulet of reflection]

   It reflects blocked missile attacks.
   SH:        It affects your SH (+5).
   It has a curse which improves the following skills: Introspection: Fighting
   and Spellcasting.
   Cunning:   Dodging and Stealth.
 C - a ring of poison resistance
 I - a ring of poison resistance
 M - the cursed ring of Ashenzari's Doubts (left hand) {AC+4, Bglg, Range}
   (You found it on level 9 of the Dungeon)

   [ring of protection]

   AC:        It affects your AC (+4).
   It has a curse which improves the following skills: Beguiling: Conjurations,
   Hexes and Translocations.
   Ranged Combat: Ranged Weapons and Throwing.
 R - a +4 ring of evasion
 T - a ring of ice
Wands
 y - a wand of mindburst (20)
 G - a wand of roots (15)
 Q - a wand of acid (8)
Scrolls
 l - 3 scrolls of poison
 t - a scroll of blinking
 B - a scroll of amnesia
 D - a scroll of fear
 F - 6 scrolls of teleportation
 J - a scroll of brand weapon
 L - 2 scrolls of magic mapping
 N - 5 scrolls of identify
 P - 5 scrolls of fog
 S - a scroll of enchant weapon
 U - a scroll of immolation
Potions
 d - a potion of might
 g - 2 potions of brilliance
 h - 2 potions of haste
 i - a potion of degeneration
 j - 2 potions of ambrosia
 k - 5 potions of curing
 m - 3 potions of mutation
 n - a potion of flight
 q - 3 potions of lignification
 s - a potion of magic
 z - 3 potions of resistance
 K - a potion of attraction


   Skills:
 + Level 8.8(10.4) Fighting
 + Level 10.1(11.7) Short Blades
 + Level 10.7(12.3) Axes
 + Level 10.6 Armour
 + Level 5.3(7.7) Dodging
 + Level 1.1(2.6) Stealth
 + Level 12.7 Shields


You had 11 spell levels left.
You didn't know any spells.
Your spell library contained the following spells:

 Spells                   Type           Power      Damage    Failure   Level
 Olgreb's Toxic Radiance  Pois           0%         N/A       100%        4
 Passage of Golubria      Tloc           0%         N/A       100%        4
 Silence                  Hex/Air        0%         N/A       100%        5
 Ozocubu's Refrigeration  Ice            0%         4d7       100%        7
 Ignition                 Fire           0%         3d3       100%        8
 Lehudib's Crystal Spear  Conj/Erth      0%         10d2      100%        8


Dungeon Overview and Level Annotations

Branches:
Dungeon (10/15)            Temple (1/1) D:4            Lair (2/5) D:10
 Shoals (0/4) Lair:2        Sewer (visited)
  Snake: Lair:2-3    Spider: Lair:2-3       Orc: D:9-12

Altars:
Ashenzari
Cheibriados
Dithmenos
Elyvilon
Fedhas
Gozag
Hepliaklqana
Kikubaaqudgha
Makhleb
Nemelex Xobeh
Okawaru
Qazlal
Ru
Sif Muna
Trog
Uskayaw
Vehumet
Wu Jian
Xom
Yredelemnul
Zin
The Shining One

Shops:
D:1 ??[(   D:10 :

Annotations:
Lair:2 Gastronok


Innate Abilities, Weirdness & Mutations

You have a pair of horns on your head.
You reflexively headbutt those who attack you in melee.


Message History

Gastronok is lightly wounded.
* * * LOW HITPOINT WARNING * * *
You feel extremely sick.
The bat hits you but does no damage. x2; You block the cane toad's attack.
You block the river rat's attack.
The cane toad stings you but does no damage.
Gastronok bites you but does no damage.
You feel better. You block the bat's attack. x2
The cane toad closely misses you. You block the cane toad's attack.
You block the river rat's attack. The cane toad closely misses you.
The cane toad stings you!
* * * LOW HITPOINT WARNING * * *
You are lethally poisoned!
The cane toad poisons you! You block the river rat's attack.
Okay, then.
Blink to where?
Press: ? - help, Dir - move target
Found 7 gold pieces.
Found a stone staircase leading up.
As you read the scroll of blinking, it crumbles to dust.
* * * LOW HITPOINT WARNING * * *
You feel extremely sick. You block the bat's attack.
The bat hits you but does no damage.
As you read the scroll of teleportation, it crumbles to dust.
You feel strangely unstable.
* * * LOW HITPOINT WARNING * * *
You feel very sick. You block the bat's attack.
The bat hits you but does no damage. You block the cane toad's attack.
* * * LOW HITPOINT WARNING * * *
You feel very sick. The bat barely misses you.
The cane toad closely misses you.
The cane toad stings you but does no damage.
Gastronok chants a spell, wobbling all the while.
Gastronok puts on a burst of speed!
As you read the scroll of fear, it crumbles to dust.
You assume a fearsome visage.
The river rat looks frightened!
The bat looks frightened!
Gastronok resists with almost no effort.
The cane toad looks frightened! x2
You die...

* ####.#### *
###.#..#.P### ,
##...........##
#.$....<......#
##............#
#...........#,
#....<.....## *
,,
##....bF@....#
,
#P.....F....##
,
##......r...P#
,
#.....w.....##
*
##...........#
, ,
#..........#.#
** ,
#####.#.######
* #..###
##....#


You could see Gastronok (swift), 2 cane toads, a river rat (summoned, fleeing)
and a bat (summoned, fleeing).

Vanquished Creatures
  Fannar (Lair:1)
  Harold (Lair:2)
  2 two-headed ogres (D:8)
  The ghost of Sanktem7 the Cleaver, a novice MiFi of Okawaru (D:8)
  Pikel (D:8)
  4 elephants (Lair:2)
  A black mamba (Lair:1)
  5 rime drakes (D:10)
  2 komodo dragons (Lair:2)
  2 cane toads
  A troll (D:10)
  A polar bear (Lair:1)
  2 hornets
  A snapping turtle (Lair:2)
  Prince Ribbit (D:5)
  2 wyverns
  A wraith (D:7)
  2 vampires (D:10)
  15 yaks
  2 basilisks
  3 steam dragons
  Edmund (D:6)
  7 water moccasins
  Pargi (Sewer)
  A sky beast (D:6)
  An orc warrior (D:6)
  2 black bears
  An ogre (D:8)
  5 centaurs
  3 phantoms
  2 lemures (D:8)
  4 bullfrogs (Lair:1)
  6 kobold brigands
  3 scorpions
  2 necrophages
  4 wights (D:10)
  20 killer bees
  An electric eel (Lair:2)
  A crimson imp (D:5)
  3 orc priests
  3 gnoll boudas
  A hound (D:5)
  8 orc wizards
  4 iguanas
  2 hell rats (Lair:1)
  A mummy (D:6)
  16 gnolls
  11 river rats (Lair:1)
  12 adders
  A shadow imp (D:6)
  3 worms
  A dart slug (D:4)
  26 orcs
  9 bats
  7 endoplasms
  5 giant cockroaches
  3 goblins (D:2)
  2 hobgoblins
  5 jackals (D:1)
  42 kobolds
  7 quokkas
  4 ball pythons
  6 frilled lizards
  2 goblin zombies (D:6)
  7 rats
307 creatures vanquished.

Vanquished Creatures (others)
  A steam dragon (D:9)
  A kobold brigand (D:9)
  2 kobolds
  7 fungi
  15 plants
26 creatures vanquished.

Grand Total: 333 creatures vanquished

Notes
Turn   | Place    | Note
-------+----------+-------------------------------------------
     0 | D:1      | Parcival the Minotaur Fighter began the quest for the Orb.
     0 | D:1      | Reached XP level 1. HP: 19/19 MP: 0/0
   131 | D:1      | Found Nosakeaf's Magic Scroll Shop.
   137 | D:1      | Reached XP level 2. HP: 19/27 MP: 1/1
   144 | D:1      | Found Janal's Magic Scroll Emporium.
   164 | D:1      | Reached skill level 4 in Shields
   384 | D:1      | Found Houcvas's Antique Armour Boutique.
   519 | D:1      | Reached XP level 3. HP: 32/33 MP: 2/2
   785 | D:1      | Found Roun's Antique Weapon Shop.
  1511 | D:2      | Reached XP level 4. HP: 41/41 MP: 3/3
  1601 | D:2      | Found a faded altar of an unknown god.
  1827 | D:2      | Identified the +8 chain mail of the Hidden Vale {Harm
                  | Int+6}
  2257 | D:3      | Reached skill level 5 in Armour
  2257 | D:3      | Reached XP level 5. HP: 25/47 MP: 4/4
  2433 | D:3      | Found a glowing drain.
  2457 | Sewer    | Entered a sewer
  2582 | Sewer    | Noticed Pargi
  2590 | Sewer    | Killed Pargi
  2591 | Sewer    | Reached skill level 1 in Dodging
  2591 | Sewer    | Reached XP level 6. HP: 45/53 MP: 5/5
  2932 | D:3      | Reached skill level 5 in Shields
  3302 | D:4      | Reached skill level 5 in Axes
  3772 | D:4      | Found a staircase to the Ecumenical Temple.
  3847 | D:4      | Reached skill level 5 in Fighting
  3851 | D:4      | Reached XP level 7. HP: 61/61 MP: 6/6
  3855 | D:4      | Found a white marble altar of Elyvilon.
  4017 | Temple   | Entered the Ecumenical Temple
  4201 | D:5      | Entered Level 5 of the Dungeon
  4247 | D:5      | Found an iron altar of Okawaru.
  4344 | D:5      | Found a broken altar of Ashenzari.
  4389 | D:5      | Became a worshipper of Ashenzari the Shackled
  4472 | D:5      | Noticed Prince Ribbit
  4482 | D:5      | Killed Prince Ribbit
  4624 | D:5      | Reached XP level 8. HP: 69/69 MP: 7/7
  4884 | D:5      | Reached skill level 6 in Shields
  4922 | D:5      | Found a radiant altar of Vehumet.
  5013 | D:5      | Found a shimmering altar of Xom.
  5013 | D:5      | Found a burning altar of Makhleb.
  5282 | D:5      | Found a blossoming altar of Fedhas.
  5660 | D:6      | Noticed Edmund
  5668 | D:6      | Killed Edmund
  5684 | D:6      | Found a sacrificial altar of Ru.
  5883 | D:6      | Found a shimmering blue altar of Sif Muna.
  5883 | D:6      | Found a glowing golden altar of the Shining One.
  5884 | D:6      | Found a shadowy altar of Dithmenos.
  5886 | D:6      | Found a snail-covered altar of Cheibriados.
  5886 | D:6      | Found an ancient bone altar of Kikubaaqudgha.
  6082 | D:6      | Reached XP level 9. HP: 77/78 MP: 8/8
  6103 | D:6      | Reached skill level 7 in Shields
  6709 | D:7      | Identified the +9 rapier of Domination {flame, *Rage rN++
                  | Str+4 Int-3}
  6718 | D:7      | Found an ornate altar of the Wu Jian Council.
  6874 | D:7      | Reached skill level 10 in Axes
  6940 | D:7      | Reached skill level 1 in Stealth
  7534 | D:8      | Reached skill level 8 in Shields
  7577 | D:8      | Found a stormy altar of Qazlal.
  7604 | D:8      | Reached skill level 1 in Short Blades
  7604 | D:8      | Noticed Pikel
  7612 | D:8      | Killed Pikel
  7675 | D:8      | Reached XP level 10. HP: 86/86 MP: 9/9
  7752 | D:8      | Noticed Sanktem7's ghost (novice MiFi)
  7753 | D:8      | Found a transporter.
  7753 | D:8      | Found a transporter.
  7755 | D:8      | Identified the +4 giant spiked club "Olibin" {flame,
                  | Fragile rC++ rCorr Dex+2 Stlth+}
  7755 | D:8      | Identified the +10 dire flail "Uminwaa" {drain, rPois rC+}
  7755 | D:8      | Noticed a two-headed ogre
  7756 | D:8      | Noticed a two-headed ogre
  7761 | D:8      | Killed a two-headed ogre
  7762 | D:8      | Reached skill level 5 in Short Blades
  7762 | D:8      | Reached skill level 9 in Shields
  8288 | D:8      | Killed a two-headed ogre
  8298 | D:8      | Killed Sanktem7's ghost
  8456 | D:9      | HP: 2/88 [something (18)]
  8460 | D:9      | Reached skill level 10 in Shields
  8952 | D:9      | Paralysed by a hornet for 2 turns
  9166 | D:9      | Reached * piety under Ashenzari
  9465 | D:9      | Reached XP level 11. HP: 93/94 MP: 10/10
  9642 | D:10     | Entered Level 10 of the Dungeon
  9674 | D:10     | Found Moxtig's Book Emporium.
 10257 | D:10     | Reached ** piety under Ashenzari
 10265 | D:10     | Found a staircase to the Lair.
 10267 | D:10     | Found the +4 skin of Zhor {*Englaciate rC+++ SInv}
 10345 | D:10     | Reached skill level 11 in Shields
 10799 | Lair:1   | Entered Level 1 of the Lair of Beasts
 11285 | Lair:1   | Reached skill level 10 in Armour
 11513 | Lair:1   | Noticed Fannar
 11532 | Lair:1   | Killed Fannar
 11533 | Lair:1   | Reached skill level 12 in Shields
 12126 | Lair:2   | Reached XP level 12. HP: 106/106 MP: 11/11
 12205 | Lair:2   | Reached skill level 5 in Dodging
 12265 | Lair:2   | Reached *** piety under Ashenzari
 12322 | Lair:2   | Noticed Harold
 12339 | Lair:2   | Killed Harold
 12734 | Lair:2   | Found a staircase to the Shoals.
 12755 | Lair:2   | Reached skill level 10 in Short Blades
 12907 | Lair:2   | Noticed Gastronok
 12929 | Lair:2   | HP: 5/107 [poisoned by a cane toad]
 12931 | Lair:2   | Succumbed to a cane toad's poison

Illustrated notes

Levels and vault maps discovered:
D:1:      dpeg_arrival_brainrot, layout_basic, serial_shops, shop, shop, shop,
          shop_statue, chequers_serial_rivers_room_b, st_stairs_13
D:2:      wad_lake_hut, layout_basic, chequers_ecumenical_altar_simple
D:3:      layout_basic, gup_sewer_entry_pipe
D:4:      layout_gridville, elyvilon_altar_5, minmay_temple_entry_gardened_gates
D:5:      layout_basic, lemuel_tele_altar, fiery_altar_vehumet,
          overflow_temple_1_default, fedhas_altar_3,
          grunt_temple_overflow_champion_of_chaos, minivault_5,
          minmay_misc_feat_ornament, hangedman_decor_diamond_cutter,
          uniq_prince_ribbit1
D:6:      layout_basic, grunt_temple_overflow_open,
          nicolae_ru_great_annihilating_truth, nicolae_ossuary_entry_giza,
          uniq_edmund
D:7:      nicolae_cairo_tiling_very_big, layout_cave_pools,
          mainiacjoe_overflow_six_doors_small
D:8:      layout_loops_ring, general_overflow_altar, gammafunk_ghost_smash,
          uniq_pikel
D:9:      layout_cave_pods
D:10:     layout_big_octagon, lair_entry_dummy, serial_shops, shop,
          hellmonk_guarded_unrand_zhor
Temple:   nicolae_temple_bog_church
Lair:1:   layout_regular_city, kennysheep_rathole, uniq_fannar
Lair:2:   layout_roguey, minmay_shoals_entry_hut,
          chequers_serial_rivers_micro_a, uniq_harold, uniq_gastronok

Skill      XL: |  1  2  3  4  5  6  7  8  9 10 11 12 |
---------------+-------------------------------------+-----
Fighting       | 4 5 6 7 8 |  8.8
Armour         | 4 5 6 7 8 9 10 | 10.6
Shields        | 4 5 6 8 10 12 | 12.7
Axes           | 3 4 5 7 9 10 | 10.7
Dodging        | 1 2 3 4 5 |  5.3
Stealth        | 1 |  1.1
Short Blades   | 3 7 9 10 | 10.1

Action                   |  1- 3 |  4- 6 |  7- 9 | 10-12 || total
-------------------------+-------+-------+-------+-------++-------
Melee: War axe           |    68 |   130 |   147 |       ||   345
       Headbutt          |     4 |    12 |    30 |    53 ||    99
       Rapier            |       |       |    72 |   370 ||   442
Invok: Curse Item        |       |       |       |     5 ||     5
  Use: Scroll            |     3 |     8 |     6 |     7 ||    24
       Potion            |       |       |       |    10 ||    10
Armor: Plate armour      |    62 |    21 |       |       ||    83
       Scale mail        |     1 |       |       |       ||     1
       Chain mail        |       |    79 |    87 |   176 ||   342
Dodge: Dodged            |    37 |    46 |    72 |   139 ||   294
Block: Buckler           |    24 |    38 |    99 |       ||   161
       Reflection        |       |     1 |    11 |    18 ||    30
       Kite shield       |       |       |    40 |   425 ||   465
